Map: Pillars of Gold LE

Players

ViBE - Winner!

  • Race: Terran Terran
  • League: Silver
  • Spawn Location: 1:00

Navajas

  • Race: Terran Terran
  • League: Silver
  • Spawn Location: 7:00

VOD

https://www.youtube.com/watch?v=VjhJ7E-kFgw&list=PLFeZeom2b4DnD3FIu7pzkXl51JX_WWz2h&index=2

Description

Time

  • Played on: March 11, 2021, 5:32 p.m.
  • Length: 19:38
Show
View Real Time Build Order
Export as new Build Order

ViBE Terran - Winner!

Build Orders:  

Get SALT Encoding   

  12  0:00  SCV  
  13  0:12  SCV  
  14  0:20  Supply Depot  
  14  0:24  SCV  
  15  0:42  SCV  
  16  0:45  Barracks  
  16  0:54  SCV  
  17  1:08  SCV  
  18  1:20  Refinery  
  18  1:23  SCV  
  19  1:33  Marine  
  19  1:36  SCV  
  21  1:48  SCV  
  21  1:52  Marine  
  23  1:58  Command Center  
  23  2:01  Orbital Command  
  23  2:06  Supply Depot  
  23  2:19  Supply Depot  
  23  2:24  Marine  
  23  2:28  SCV  
  24  2:40  SCV  
  24  2:42  Marine  
  26  2:52  SCV, Factory  
  27  3:04  SCV  
  28  3:07  Supply Depot  
  28  3:20  Orbital Command  
  28  3:27  Barracks Reactor  
  28  3:31  SCV  
  29  3:39  Barracks  
  29  3:41  Factory Tech Lab  
  29  3:44  SCV  
  29  3:47  Refinery  
  30  3:51  SCV  
  31  3:56  SCV  
  32  4:03  SCV  
  32  4:04  Supply Depot, Siege Tank  
  32  4:05  Marine x2  
  32  4:08  SCV  
  39  4:13  Supply Depot x2  
  39  4:15  SCV  
  40  4:22  SCV  
  41  4:27  SCV  
  42  4:35  Starport  
  42  4:38  Marine x2  
  42  4:39  Barracks Tech Lab  
  42  4:40  Siege Tank  
  42  4:42  SCV x2  
  49  4:58  SCV x2  
  51  5:10  SCV x2  
  51  5:13  Supply Depot x2  
  53  5:22  SCV x2  
  55  5:43  Marine x2  
  55  5:44  Marine  
  55  5:49  Refinery  
  58  5:50  Refinery  
  58  5:55  SCV x2  
  60  5:59  Starport Reactor  
  60  6:02  Siege Tank  
  60  6:03  Marine x2  
  60  6:04  Marine, Command Center  
  65  6:05  Stimpack  
  65  6:07  SCV x2  
  68  6:12  Supply Depot  
  68  6:14  Supply Depot  
  68  6:19  SCV x2  
  70  6:25  Marine  
  70  6:26  Marine x2  
  72  6:43  Marine x2, Siege Tank  
  72  6:44  Marine  
  72  6:45  Medivac x2  
  82  7:00  SCV x2  
  84  7:02  Marine x3  
  87  7:12  SCV x2  
  89  7:20  Marine x3, Medivac  
  89  7:21  Medivac  
  96  7:24  SCV x2  
  96  7:28  Barracks  
  96  7:29  Barracks x3  
  98  7:36  Supply Depot x2, SCV  
  98  7:37  Barracks  
  99  7:38  Orbital Command  
  99  7:40  SCV  
  100  7:48  Marine, SCV  
  100  7:49  Marine x2, Combat Shield  
  104  7:52  SCV, Medivac  
  104  7:53  Medivac  
  109  8:09  SCV x2  
  109  8:10  SCV  
  112  8:31  Marine x3  
  105  8:34  Barracks Reactor  
  105  8:35  Barracks Reactor x4  
  105  8:38  SCV x2  
  105  8:47  Medivac x2  
  102  8:49  Marine x3  
  102  8:50  SCV x2  
  102  8:53  Command Center  
  102  8:54  Engineering Bay  
  102  8:55  Engineering Bay  
  99  9:05  SCV x2  
  101  9:14  Marine  
  101  9:15  Marine x12  
  112  9:17  SCV x2  
  112  9:19  Medivac x2  
  118  9:47  SCV x2  
  112  9:53  Marine  
  112  9:54  Marine x10  
  112  9:55  Marine x2  
  112  9:57  Medivac x2  
  112  9:59  SCV x2  
  124  10:02  Supply Depot x2  
  124  10:04  Supply Depot, Terran Infantry Weapons Level 1  
  124  10:05  Terran Infantry Armor Level 1  
  124  10:11  SCV x2  
  124  10:12  Command Center  
  126  10:28  Orbital Command  
  126  10:32  Refinery x2  
  126  10:43  Marine x6  
  126  10:44  Marine x6  
  126  10:45  Marine  
  126  10:47  Medivac x2  
  143  10:53  Armory  
  143  11:02  SCV x3  
  146  11:05  Marine  
  146  11:06  Marine x12  
  159  11:14  SCV x2  
  161  11:23  Marine  
  159  11:26  Missile Turret  
  159  11:28  Missile Turret  
  159  11:32  Missile Turret  
  158  11:37  Planetary Fortress, Missile Turret  
  156  11:41  SCV  
  156  11:42  SCV x2  
  156  11:43  Marine  
  156  11:44  Marine x9  
  165  11:54  SCV x3  
  166  12:03  Supply Depot  
  166  12:04  Supply Depot  
  166  12:06  SCV x3  
  167  12:15  SCV  
  167  12:18  SCV x3  
  169  12:27  SCV  
  170  12:30  SCV x3  
  173  12:37  Command Center  
  173  12:40  SCV  
  173  12:42  SCV x3  
  177  12:52  SCV  
  177  12:54  SCV x3  
  181  13:03  Marine x3  
  181  13:04  Marine x10, SCV  
  181  13:05  Medivac x2  
  199  13:15  Terran Infantry Weapons Level 2  
  199  13:16  Terran Infantry Armor Level 2  
  199  13:17  Terran Vehicle Weapons Level 1  
  196  13:23  Supply Depot x2  
  190  13:28  Marine  
  190  13:29  Marine x2  
  183  13:36  Marine  
  183  13:37  Marine x6  
  183  13:41  SCV  
  189  13:44  Marine, SCV x2  
  189  13:45  Command Center  
  190  13:49  Planetary Fortress  
  190  13:52  Missile Turret  
  190  13:53  SCV  
  184  13:56  SCV x2  
  183  14:05  SCV  
  183  14:08  SCV x2  
  186  14:17  SCV  
  186  14:20  SCV x2  
  189  14:24  Marine x2  
  189  14:25  Marine x3  
  189  14:29  SCV  
  194  14:33  SCV  
  194  14:35  Command Center  
  195  14:38  Marine x2  
  195  14:39  Marine x3  
  195  14:44  Command Center  
  200  15:11  Starport Reactor  
  200  15:17  Barracks  
  200  15:20  Barracks  
  200  15:21  Barracks  
  200  15:22  Barracks  
  200  15:24  Starport  
  200  15:25  Barracks  
  200  15:26  Barracks  
  200  15:27  Barracks x2  
  200  15:29  Barracks  
  200  15:30  Barracks  
  200  15:33  Barracks x2  
  198  16:10  Planetary Fortress  
  195  16:13  SCV x4  
  175  16:22  Planetary Fortress  
  175  16:25  SCV, Missile Turret  
  153  16:28  Barracks Tech Lab x4  
  153  16:29  Starport Reactor  
  153  16:31  Barracks Reactor  
  153  16:32  Barracks Reactor x7  
  124  16:36  Concussive Shells  
  124  16:39  Terran Infantry Weapons Level 3  
  104  16:41  Terran Vehicle Weapons Level 2  
  104  16:46  Medivac x2, Marauder  
  106  16:48  Marine x10, Marauder x4  
  122  17:06  Marine x7  
  122  17:07  Marauder  
  131  17:09  Marauder  
  131  17:11  Marine x8, Marauder x3  
  131  17:12  Marine x11  
  131  17:13  Medivac x2  
  162  17:16  Medivac x2  
  166  17:23  Marine  
  166  17:24  Marine x6  
  166  17:29  Marine x6, Marauder  
  181  17:30  Marauder, Command Center  
  181  17:32  Marine x9, Marauder  
  181  17:33  Marine x2, Marauder x2  
  196  17:50  Marauder  
  197  17:52  Marauder  
  193  18:11  Barracks Reactor  
  193  18:23  SCV  
  193  18:24  Marine x6  
  200  18:33  Command Center  
  181  18:45  Marine x5  
  181  18:46  Marine x20  
  190  19:06  Marine x10  
  194  19:20  Missile Turret  
  194  19:22  Barracks  
  194  19:23  Barracks  
  194  19:25  Barracks  
  194  19:28  Barracks  
  194  19:29  Barracks  
  194  19:30  Barracks  
  194  19:32  Barracks x2  
  194  19:36  Barracks  
  194  19:37  Starport  
Show
View Real Time Build Order
Export as new Build Order

Navajas Terran 

Build Orders: Gas First Reaper Expand 

Get SALT Encoding   

  12  0:12  Supply Depot  
  13  0:29  Refinery  
  13  0:35  Barracks  
  12  0:36  SCV  
  13  1:24  Reaper  
  13  1:25  Command Center  
  14  1:33  SCV  
  15  1:53  Orbital Command  
  15  1:56  Marine  
  16  2:18  Factory  
  16  2:21  Barracks Tech Lab  
  16  2:22  SCV  
  17  3:00  SCV  
  18  3:11  SCV  
  20  3:12  SCV  
  20  3:13  Marine  
  21  3:23  SCV  
  21  3:24  SCV  
  21  3:26  Siege Tank  
  26  3:31  Marine  
  27  3:35  SCV  
  27  3:37  SCV  
  29  3:48  Marine  
  29  3:49  SCV  
  29  3:55  Starport  
  31  4:01  Refinery  
  31  4:05  SCV  
  31  4:06  Marine  
  31  4:07  Refinery  
  33  4:17  SCV  
  33  4:22  Hellion  
  36  4:29  SCV  
  37  4:40  SCV  
  38  4:49  Supply Depot  
  38  5:10  SCV x2, Hellion, Factory  
  38  5:12  Supply Depot  
  42  5:20  Refinery  
  42  5:22  SCV x2  
  44  5:32  Hellion  
  44  5:34  SCV x2, Supply Depot  
  48  5:42  Starport Tech Lab  
  48  5:45  Barracks Reactor  
  48  5:46  SCV  
  49  5:53  Siege Tank  
  49  5:55  Factory Tech Lab  
  52  5:59  SCV, Factory Reactor  
  52  6:03  Banshee  
  56  6:04  Cloaking Field  
  56  6:11  SCV  
  57  6:23  SCV  
  60  6:25  Widow Mine  
  60  6:35  Marine, SCV  
  60  6:39  Command Center  
  62  6:40  Marine  
  62  6:42  Supply Depot  
  61  6:52  Marine  
  62  6:56  Supply Depot  
  62  7:02  Orbital Command  
  62  7:04  Marine, Banshee, Widow Mine  
  68  7:09  Starport  
  68  7:20  Supply Depot  
  68  7:26  Widow Mine  
  68  7:29  Barracks  
  70  7:34  Marine x2  
  72  7:46  Banshee  
  72  7:47  Widow Mine  
  77  7:52  Marine x2  
  79  8:06  Starport Reactor  
  79  8:08  Widow Mine  
  79  8:10  Marine x2  
  79  8:11  SCV  
  84  8:20  Factory  
  84  8:23  SCV  
  85  8:27  Marine  
  85  8:28  Marine  
  85  8:30  Widow Mine  
  87  8:35  SCV  
  88  8:47  SCV  
  89  8:51  Widow Mine  
  91  8:59  SCV  
  86  9:25  Factory Reactor  
  86  9:27  Marine x2  
  86  9:29  Medivac x2  
  86  9:31  Banshee  
  95  9:32  Siege Tank  
  98  9:45  Marine x2  
  89  9:59  Medivac x2  
  81  10:02  Marine  
  81  10:03  Marine  
  81  10:04  Siege Tank  
  81  10:05  Widow Mine x2  
  90  10:09  Barracks Tech Lab  
  90  10:13  Banshee  
  93  10:17  Engineering Bay  
  93  10:20  Marine x2  
  95  10:27  Widow Mine x2  
  99  10:29  Medivac, Hyperflight Rotors  
  101  10:38  Supply Depot  
  101  10:39  Orbital Command  
  101  10:44  Combat Shield  
  101  10:45  Marine x2  
  101  10:46  Medivac, Siege Tank  
  108  10:59  Widow Mine, Banshee, Medivac  
  108  11:01  Supply Depot  
  108  11:03  Marine x2  
  117  11:22  Siege Tank  
  117  11:23  Supply Depot  
  120  11:42  Banshee  
  117  12:03  Stimpack  
  117  12:24  Banshee  
  108  12:59  Armory  
  108  13:00  Viking x2  
  108  13:02  Marine x2  
  108  13:04  Marauder  
  116  13:07  Viking  
  116  13:08  Siege Tank  
  121  13:20  Marine x2  
  121  13:25  Marauder  
  125  13:30  Viking x2  
  117  13:37  Marine, Viking  
  117  13:38  Marine  
  117  13:40  Siege Tank  
  103  13:47  Marauder  
  105  13:55  Marine x2  
  96  14:07  Viking  
  96  14:08  Marauder  
  97  14:12  Siege Tank  
  97  14:13  Marine x2  
  97  14:14  Medivac x2  
  102  14:30  Marauder  
  102  14:31  Marine x2  
  104  14:37  Banshee  
  109  14:44  Medivac x2, Siege Tank  
  106  14:49  Marine x2  
  106  14:51  Marauder  
  110  15:06  Marine  
  110  15:07  Marine  
  111  15:12  Marauder  
  111  15:14  Medivac  
  120  15:16  Siege Tank  
  120  15:17  Widow Mine x2  
  120  15:20  Banshee  
  126  15:24  Marine x2  
  127  15:34  Marauder  
  127  15:38  Widow Mine  
  127  15:39  Widow Mine  
  127  15:42  Marine x2  
  133  15:55  Supply Depot  
  133  16:08  Hellion  
  133  16:10  Marine x2, Medivac  
  133  16:11  Widow Mine, Medivac, Marauder  
  133  16:12  Banshee, Widow Mine  
  133  16:17  Supply Depot  
  85  16:28  Marine x2  
  85  16:30  Hellion  
  85  16:32  Widow Mine, Marauder  
  86  16:33  Widow Mine  
  86  16:39  Medivac  
  88  16:41  Supply Depot, Medivac  
  88  16:46  Marine x2  
  96  16:54  Marauder  
  96  16:55  Banshee  
  96  16:59  Missile Turret  
  99  17:03  Marine x2  
  101  17:09  Medivac  
  101  17:11  Medivac  
  101  17:15  Marine  
  106  17:19  Missile Turret  
  106  17:24  Marine x2  
  108  17:31  SCV  
  108  17:35  Orbital Command  
  109  17:39  Medivac  
  109  17:42  Marine x2  
  113  17:59  Marine  
  113  18:00  Marine  
  115  18:17  Marine x2  
Tags
 
Add a new tag
Caveats
  • Supply blocks, unpowered buildings, or Contaminate may cause inaccurate times.
  • Supply counts are checked every 10 seconds.